 Dungeon Crawl Stone Soup version 0.21.1-1-g345015f (webtiles) character file.

67 Kairos the Gusty (level 4, -1/31 HPs)
             Began as a Human Air Elementalist on Mar 26, 2018.
             Slain by a quasit (2 damage)
             ... on level 2 of the Dungeon.
             The game lasted 00:05:09 (2576 turns).

Kairos the Gusty (Human Air Elementalist)           Turns: 2576, Time: 00:05:10

Health: -1/31      AC:  5    Str: 15      XL:     4   Next: 38%
Magic:  3/7        EV: 12    Int: 15      God:
Gold:   143        SH:  0    Dex: 11 (13) Spells: 7/8 levels left

rFire    . . .     SeeInvis .   o - +0 short sword (venom)
rCold    . . .     Gourm    .   (no shield)
rNeg     . . .     Faith    .   a - +0 robe
rPois    .         Spirit   .   (no helmet)
rElec    .         Reflect  .   (no cloak)
rCorr    .         Harm     .   n - +2 pair of gloves
MR       .....                  (no boots)
Stlth    +++.......             (no amulet)
HPRegen  0.10/turn              l - ring of stealth
MPRegen  0.10/turn              (no ring)

@: mighty
A: no striking features
a: no special abilities


You were on level 2 of the Dungeon.
You were not hungry.

You visited 1 branch of the dungeon, and saw 3 of its levels.

You collected 143 gold pieces.

Inventory:

Hand Weapons
 o - a +0 short sword of venom (weapon)
Armour
 a - a +0 robe (worn)
 n - a +2 pair of gloves (worn)
Jewellery
 l - a ring of stealth (left hand)
Scrolls
 d - 2 scrolls of blinking {unknown}
 f - 3 scrolls of remove curse {unknown}
 h - 2 scrolls of teleportation {unknown}
 j - 5 scrolls of identify {unknown}
 k - 2 scrolls of enchant weapon {unknown}
 m - a scroll of random uselessness {unknown}
 r - a scroll of amnesia {unknown}
Potions
 e - 2 potions of might
 g - a potion of cancellation {unknown}
 i - a potion of lignification {unknown}
 p - a potion of curing {unknown}
 q - a potion of flight {unknown}
 s - a potion of invisibility {unknown}
Books
 b - a book of Air

   Spells                             Type                      Level
   a - Shock                          Conjuration/Air              1
   b - Swiftness                      Charms/Air                   2
   c - Static Discharge               Conjuration/Air              3
   d - Airstrike                      Air                          4
   e - Lightning Bolt                 Conjuration/Air              5
Comestibles
 c - 3 rations


   Skills:
 + Level 0.4 Fighting
 + Level 1.3 Short Blades
 + Level 2.1 Dodging
 + Level 2.1 Stealth
 + Level 2.6 Spellcasting
 + Level 1.3 Conjurations
 + Level 3.7 Air Magic


You had 7 spell levels left.
You knew the following spells:

 Your Spells              Type           Power        Failure   Level  Hunger
a - Shock                 Conj/Air       #...         8%          1    #......


Dungeon Overview and Level Annotations

Branches:
Dungeon (3/15)

Altars:

Annotations:
D:3 Grinder


Message History

* * * LOW HITPOINT WARNING * * *
The quasit barely misses you. x2
The quasit barely misses you. The quasit claws you.
* * * LOW HITPOINT WARNING * * *
You feel clumsy.
The quasit claws you but does no damage.
There is a stone staircase leading up here.
The quasit barely misses you. x2
The quasit claws you but does no damage.
You climb upwards.
There is a stone staircase leading down here.
It was a potion of might.
You feel very mighty all of a sudden. The quasit misses you.
The quasit claws you but does no damage. x2
The quasit misses you. The quasit claws you.
* * * LOW HITPOINT WARNING * * *
You feel clumsy. The quasit claws you.
You die...

#############....................
...........##.###################
##########.##.# # #.##.# #
####### #.##.# # ......####.##.#
#
..............###################
......####.#........#...........#
......# #.#....@...#...........#
......# #.#...5....#............
###.### #.#..#######...........#
..#.# #.#..# #...........#
#.#.######.#>.# #...........#
..#.#.........# #...........#
###.#......#.## #..)........#
....#........# ###.#########
...........### #.# #


You could see a quasit.

Vanquished Creatures
  2 adders
  An ooze (D:3)
  2 dart slugs (D:2)
  2 worms (D:2)
  A leopard gecko (D:3)
  4 giant cockroaches
  3 hobgoblins
  3 bats
  2 frilled lizards (D:2)
  4 goblins
  5 kobolds
  6 rats
35 creatures vanquished.

Notes
Turn   | Place    | Note
-------+----------+-------------------------------------------
     0 | D:1      | Kairos the Human Air Elementalist began the quest for the Orb.
     0 | D:1      | Reached XP level 1. HP: 13/13 MP: 3/3
   472 | D:1      | Reached XP level 2. HP: 20/20 MP: 3/5
   949 | D:2      | Reached skill level 1 in Short Blades
   949 | D:2      | Reached XP level 3. HP: 14/25 MP: 1/6
  2376 | D:3      | Reached XP level 4. HP: 30/31 MP: 2/7
  2398 | D:3      | Noticed Grinder
  2576 | D:2      | HP: 1/31 [quasit (1)]
  2576 | D:2      | Slain by a quasit

Skill      XL: |  1  2 |
---------------+-------+-----
Short Blades   | 1 |  1.3
Fighting       | |  0.4
Dodging        | |  2.1
Stealth        | |  2.1
Spellcasting   | |  2.6
Conjurations   | |  1.3
Air Magic      | |  3.7

Action                   |  1- 3 |  4- 6 || total
-------------------------+-------+-------++-------
Melee: Unarmed           |    18 |       ||    18
       Short sword       |    36 |    11 ||    47
 Cast: Shock             |    51 |    17 ||    68
  Use: Potion            |       |     1 ||     1
  Eat: Chunk             |     3 |       ||     3
       Ration            |     1 |       ||     1
Armor: Robe              |    21 |    31 ||    52
Dodge: Dodged            |    49 |    52 ||   101
